 Dungeon Crawl Stone Soup version 0.29.1-1-gd02db6906a (webtiles) character file.

Game seed: 9888356709985144023

910 H0rd4k the Cudgeller (level 8, -2/60 HPs)
             Began as a Human Artificer on Oct 6, 2022.
             Slain by a sky beast (5 damage)
             ... on level 6 of the Dungeon.
             The game lasted 00:05:47 (7298 turns).

H0rd4k the Cudgeller (Human Artificer)              Turns: 7298, Time: 00:05:47

Health: -2/60      AC:  5    Str: 12    XL:     8   Next: 30%
Magic:  4/4        EV: 13    Int: 14    God:
Gold:   373        SH:  0    Dex: 14    Spells: 12/12 levels left

rFire   . . .      SeeInvis .   s - +5 mace of Calamity {antimagic, rC++ Will+ Stlth-}
rCold   + + .      Faith    .   (no shield)
rNeg    . . .      Spirit   .   b - +0 leather armour
rPois   .          Reflect  .   (no helmet)
rElec   .          Harm     .   (no cloak)
rCorr   .          Rampage  .   t - +0 pair of gloves
Will    +....                   n - +0 pair of boots
Stlth   ..........              (no amulet)
HPRegen 0.20/turn               (no ring)
MPRegen 0.09/turn               (no ring)

@: no status effects
A: no striking features
a: no special abilities


You were on level 6 of the Dungeon.
You visited 1 branch of the dungeon, and saw 6 of its levels.

You collected 373 gold pieces.

Inventory:

Hand Weapons
 a - a +0 club
 s - the +5 mace of Calamity (weapon) {antimagic, rC++ Will+ Stlth-}
   (You found it on level 2 of the Dungeon)

   It reduces the magical energy of the wielder, and disrupts the spells and
   magical abilities of those it strikes.
   Natural abilities and divine invocations are not affected.
   rC:        It greatly protects you from cold.
   Will:      It increases your willpower.
   Stlth:     It makes you less stealthy.
 x - a +2 dagger of draining
Missiles
 m - 2 poisoned darts
 I - a throwing net
Armour
 b - a +0 leather armour (worn)
 n - a +0 pair of boots (worn)
 t - a +0 pair of gloves (worn)
Jewellery
 i - a ring of protection from fire
 u - a +4 ring of evasion
 A - a ring of protection from fire
 D - an amulet of guardian spirit
Wands
 d - a wand of charming (12)
 w - a wand of polymorph (10)
Scrolls
 c - 2 scrolls of fear {unknown}
 e - 2 scrolls of enchant weapon {unknown}
 h - 3 scrolls of teleportation {unknown}
 k - 9 scrolls of identify {unknown}
 o - a scroll of butterflies {unknown}
 r - 2 scrolls of vulnerability {unknown}
 y - a scroll of noise {unknown}
 B - 2 scrolls of blinking {unknown}
 F - a scroll of brand weapon {unknown}
 G - a scroll of poison {unknown}
 H - a scroll of amnesia {unknown}
Potions
 f - a potion of invisibility {unknown}
 g - 4 potions of mutation {unknown}
 j - 3 potions of might {unknown}
 l - 2 potions of flight {unknown}
 p - 3 potions of brilliance {unknown}
 q - 3 potions of heal wounds {unknown}
 v - 2 potions of attraction {unknown}
 z - a potion of berserk rage {unknown}
 C - a potion of haste {unknown}
 E - 2 potions of curing {unknown}
 J - a potion of lignification {unknown}


   Skills:
 + Level 4.0 Fighting
 + Level 5.8 Maces & Flails
 - Level 2.0 Armour
 + Level 4.0 Dodging
 - Level 1.0 Stealth
 * Level 2.8 Spellcasting
 - Level 3.0 Evocations


You had 12 spell levels left.
You didn't know any spells.
Your spell library contained the following spells:

 Spells                   Type           Power      Damage    Failure   Level
 Sandblast                Erth           2%         2d4       28%         1
 Blink                    Tloc           2%         N/A       38%         2
 Passwall                 Tmut/Erth      0%         N/A       38%         2
 Poisonous Vapours        Pois/Air       2%         N/A       38%         2
 Lesser Beckoning         Tloc           1%         N/A       63%         3
 Stone Arrow              Conj/Erth      2%         3d7       63%         3
 Animate Dead             Necr           1%         N/A       95%         4
 Corpse Rot               Necr/Pois/Air  1%         N/A       95%         4
 Borgnjor's Vile Clutch   Necr/Erth      0%         N/A       100%        5
 Manifold Assault         Tloc           1%         N/A       100%        5
 Death Channel            Necr           0%         N/A       100%        6


Dungeon Overview and Level Annotations

Branches:
Dungeon (6/15)             Temple (0/1) D:5

Altars:
Fedhas
Okawaru
Vehumet
Wu Jian

Annotations:
D:1 exclusions: downstairs and 1 more exclusion
D:4 exclusion: downstairs
D:5 Blork the orc


Message History

You hit the adder.
The adder is moderately wounded.
You feel sick. The adder misses you.
A sky beast appears from thin air!
Reactivating autopickup.
You miss the adder.
The adder is moderately wounded.
You feel sick. The adder barely misses you. x2
You hit the adder.
The adder is heavily wounded.
You feel sick.
You are no longer poisoned.
The adder bites you.
You sock the adder!
You kill the adder!
You hit the sky beast.
The sky beast is moderately wounded.
The sky beast flickers out of sight!
Deactivating autopickup; reactivate with Ctrl-A.
Something hits you but does no damage.
You miss something. Something hits you but does no damage.
You barely miss something. Something barely misses you.
You hit something. Something hits you. Something shocks you.
Something hits you but does no damage.
You miss something. Something hits you. Something shocks you.
You closely miss something. Something hits you. Something shocks you.
You miss something. Something barely misses you.
You closely miss something. Something hits you but does no damage.
You barely miss something. Something hits you but does no damage.
You sock something! Something hits you.
* * * LOW HITPOINT WARNING * * *
Something shocks you.
* * * LOW HITPOINT WARNING * * *
You miss something. Something hits you.
* * * LOW HITPOINT WARNING * * *
Something shocks you.
* * * LOW HITPOINT WARNING * * *
You barely miss something. Something hits you.
* * * LOW HITPOINT WARNING * * *
Something shocks you.
You die...

#..........#
#..######..#
##.## #.
##.## ##.##
##.## ##.##
#..# .##
#@.# ...#
#{## ...#
#..# #..#
#..#
#..##..#
#.....###
#.......###
#..........
#.>.....####


There were no monsters in sight!

Vanquished Creatures
  Sigmund (D:3)
  An ogre (D:4)
  2 scorpions
  A hound (D:5)
  3 orc priests
  A jelly (D:5)
  Ijyb (D:3)
  5 orc wizards
  6 gnolls
  5 adders
  A shadow imp (D:5)
  6 worms
  3 dart slugs
  22 orcs
  6 ball pythons
  5 endoplasms
  4 giant cockroaches
  7 goblins
  7 hobgoblins
  2 jackals (D:2)
  4 quokkas
  3 bats
  5 kobolds
  9 rats
110 creatures vanquished.

Vanquished Creatures (collateral kills)
  3 orcs (D:4)
3 creatures vanquished.

Vanquished Creatures (others)
  An orc priest (D:4)
  An orc (D:3)
  3 plants (D:2)
5 creatures vanquished.

Grand Total: 118 creatures vanquished

Notes
Turn   | Place    | Note
-------+----------+-------------------------------------------
     0 | D:1      | H0rd4k the Human Artificer began the quest for the Orb.
     0 | D:1      | Reached XP level 1. HP: 15/15 MP: 1/1
   428 | D:1      | Reached XP level 2. HP: 15/21 MP: 2/2
   450 | D:1      | HP: 1/21 [kobold/+0 short sword (2)]
   783 | D:1      | Reached skill level 1 in Maces & Flails
  1002 | D:1      | Reached XP level 3. HP: 25/26 MP: 3/3
  2240 | D:2      | Reached skill level 2 in Maces & Flails
  2240 | D:2      | Reached XP level 4. HP: 30/33 MP: 4/4
  2915 | D:2      | Reached XP level 5. HP: 38/38 MP: 5/5
  2962 | D:2      | Identified the +5 mace of Calamity {antimagic, rC++ Will+
                  | Stlth-}
  3269 | D:2      | Found a faded altar of an unknown god.
  3641 | D:3      | Reached skill level 3 in Maces & Flails
  3645 | D:3      | Noticed Sigmund
  3663 | D:3      | Killed Sigmund
  3664 | D:3      | Reached skill level 1 in Spellcasting
  3664 | D:3      | Reached XP level 6. HP: 15/46 MP: 1/8
  3997 | D:3      | Reached skill level 4 in Maces & Flails
  4293 | D:3      | Noticed Ijyb
  4303 | D:3      | Killed Ijyb
  4608 | D:4      | Reached XP level 7. HP: 42/47 MP: 3/9
  4893 | D:4      | Found an iron altar of Okawaru.
  4895 | D:4      | Found an ornate altar of the Wu Jian Council.
  4895 | D:4      | Found a blossoming altar of Fedhas.
  4895 | D:4      | Found a radiant altar of Vehumet.
  5401 | D:5      | Entered Level 5 of the Dungeon
  5446 | D:5      | Reached skill level 5 in Maces & Flails
  5993 | D:4      | Reached XP level 8. HP: 60/60 MP: 3/11
  7062 | D:5      | Found a staircase to the Ecumenical Temple.
  7123 | D:5      | Noticed Blork the orc
  7298 | D:6      | HP: 3/60 [something (3)]
  7298 | D:6      | Slain by a sky beast

Illustrated notes

Levels and vault maps discovered:
D:1:      amcnicky_arrival_single_pillar, layout_rooms,
          corexii_item_surrounded_by_moat, skrybe_limestone_x,
          serial_bayou_lake_a
D:2:      layout_loops_ring, shapermc_ecumenical_altar_hornbeckon, minivault_14
D:3:      layout_basic, st_stairs_8, uniq_ijyb, uniq_sigmund
D:4:      layout_basic, grunt_temple_overflow_open
D:5:      layout_basic, minmay_temple_entry_glassed_door, uniq_blork_the_orc
D:6:      layout_layer_cave, serial_shops, shop

Skill      XL: |  1  2  3  4  5  6  7  8 |
---------------+-------------------------+-----
Maces & Flails | 1 2 3 4 5 |  5.8
Dodging        | 2 3 4 |  4.0
Fighting       | 2 3 4 |  4.0
Spellcasting   | 1 2 |  2.8
Armour         | |  2.0
Stealth        | |  1.0
Evocations     | |  3.0

Action                   |  1- 3 |  4- 6 |  7- 9 || total
-------------------------+-------+-------+-------++-------
Melee: Club              |   159 |    34 |       ||   193
       Punch             |     2 |     1 |     1 ||     4
       Mace              |       |    71 |   167 ||   238
Evoke: Wand              |     9 |    12 |     2 ||    23
Armor: Leather armour    |    47 |    30 |    48 ||   125
Dodge: Dodged            |    90 |    62 |   112 ||   264
